 Dungeon Crawl Stone Soup version 0.18.0-2-g198d6d4 (webtiles) character file.

920 Northaan the Archer (level 7, -3/66 HPs)
             Began as a Centaur Hunter on May 5, 2016.
             Slain by a sky beast (6 damage)
             ... on level 6 of the Dungeon.
             The game lasted 00:09:12 (5179 turns).

Northaan the Archer (Centaur Hunter)                Turns: 5179, Time: 00:09:13

Health: -3/66      AC:  6    Str: 15    XL:     7   Next: 83%
Magic:  7/7        EV: 11    Int: 10    God:
Gold:   285        SH:  0    Dex: 11    Spells: 0 memorised, 6 levels left

rFire  . . .     SeeInvis .     p - +0 long sword
rCold  . . .     Gourm    .     o - +0 ring mail
rNeg   . . .     Faith    .     (no shield)
rPois  .         Spirit   .     (no helmet)
rElec  .         Dismiss  .     B - +0 cloak
rCorr  .         Reflect  .     (no gloves)
SustAt .         Harm     .     (no barding)
MR     .....                    (no amulet)
Stlth  ..........               (no ring)
                                j - +3 ring of evasion

@: very quick, not resistant to hostile enchantments, extremely unstealthy
A: hooves 3, deformed body, speed 2, tough skin 3
a: no special abilities


You were on level 6 of the Dungeon.
You were hungry.

You visited 1 branch of the dungeon, and saw 8 of its levels.

You collected 285 gold pieces.

Inventory:

Hand Weapons
 a - a +1 shortbow
 p - a +0 long sword (weapon)
Missiles
 d - 63 arrows
Armour
 c - a +0 leather armour
 o - a +0 ring mail (worn)
 w - a +0 chain mail
 B - a +0 cloak (worn)
Jewellery
 j - a +3 ring of evasion (left hand)
Scrolls
 b - a scroll of fear {unknown}
 e - 5 scrolls of identify {unknown}
 h - 2 scrolls of remove curse
 u - 2 scrolls of noise {unknown}
 y - a scroll of blinking {unknown}
 z - a scroll of teleportation {unknown}
 C - a scroll of enchant armour {unknown}
Potions
 g - 2 potions of resistance {unknown}
 i - 2 potions of curing {unknown}
 k - a potion of degeneration {unknown}
 l - a potion of might {unknown}
 m - 4 potions of lignification {unknown}
 s - 2 potions of berserk rage {unknown}
 t - 2 potions of mutation {unknown}
 v - a potion of flight {unknown}
 A - a potion of ambrosia {unknown}
Books
 r - a book of Cantrips

   Spells                             Type                      Level
   a - Corona                         Hexes                        1
   b - Animate Skeleton               Necromancy                   1
   c - Summon Small Mammal            Summoning                    1
   d - Apportation                    Translocation                1
 x - a book of Burglary

   Spells                             Type                      Level
   a - Swiftness                      Charms/Air                   2
   b - Passwall                       Transmutation/Earth          2
   c - Passage of Golubria            Translocation                4
   d - Lee's Rapid Deconstruction     Earth                        5
   e - Darkness                       Hexes                        6
   f - Invisibility                   Hexes                        6
 D - a book of Frost

   Spells                             Type                      Level
   a - Freeze                         Ice                          1
   b - Throw Frost                    Conjuration/Ice              2
   c - Ozocubu's Armour               Charms/Ice                   3
   d - Throw Icicle                   Conjuration/Ice              4
   e - Summon Ice Beast               Ice/Summoning                4
 E - a book of Necromancy

   Spells                             Type                      Level
   a - Pain                           Necromancy                   1
   b - Animate Skeleton               Necromancy                   1
   c - Vampiric Draining              Necromancy                   3
   d - Regeneration                   Charms/Necromancy            3
   e - Animate Dead                   Necromancy                   4
   f - Control Undead                 Necromancy                   4
Comestibles
 f - 6 bread rations
 n - a meat ration
 q - a fruit
 F - 2 chunks of flesh


   Skills:
 * Level 7.3 Fighting
 + Level 1.0 Long Blades
 * Level 8.4 Bows
 + Level 0.8 Armour
 + Level 1.6 Dodging
 - Level 0.5 Stealth


You had 6 spell levels left.
You didn't know any spells.

Dungeon Overview and Level Annotations

Branches:
Dungeon (8/15)
 Temple: D:4-7         Lair: D:8-11

Altars:
Ashenzari
Pakellas

Shops:
D:7 (

Annotations:
D:4 Bubs's ghost, amateur MfSk
D:5 Dowan


Innate Abilities, Weirdness & Mutations

You have hooves in place of feet.
Armour fits poorly on your strangely shaped body.
You cover ground very quickly.
You have extremely tough skin (AC +3).


Message History

You miss something. Your kick misses something. Something hits you.
Something shocks you.
You closely miss something. You kick something. Something hits you.
Something shocks you.
* * * LOW HITPOINT WARNING * * *
You barely miss something. Something hits you.
* * * LOW HITPOINT WARNING * * *
Something shocks you.
* * * LOW HITPOINT WARNING * * *
Something hits you but does no damage.
You miss something. You kick something. Something hits you but does no damage.
You miss something. Your kick misses something. Something hits you.
* * * LOW HITPOINT WARNING * * *
Something shocks you.
* * * LOW HITPOINT WARNING * * *
You hit something. Your kick misses something.
Something hits you but does no damage. Something hits you.
* * * LOW HITPOINT WARNING * * *
Something shocks you.
You die...

# # # # # # #
##################
................@#
################{#
# #.# # (.# # ###
# # # #


There were no monsters in sight!

Vanquished Creatures
  Duvessa (D:5)
  A phantom (D:4)
  2 ogres
  A centaur (D:5)
  A giant frog (D:5)
  A howler monkey (D:6)
  A jelly (D:6)
  An orc priest (D:3)
  A giant frog skeleton (D:4)
  3 orc wizards
  A worker ant (D:4)
  A hound skeleton (D:7)
  A howler monkey skeleton (D:6)
  5 adders
  A shadow imp (D:3)
  An adder zombie (D:6)
  An adder skeleton (D:7)
  4 dart slugs
  3 giant geckos
  10 orcs
  A ball python (D:4)
  9 bats
  8 giant cockroaches
  7 hobgoblins
  7 jackals
  A quokka (D:5)
  A giant gecko skeleton (D:5)
  A giant newt (D:3)
  5 goblins
  A jackal skeleton (D:5)
  5 kobolds
  10 rats
97 creatures vanquished.

Notes
Turn   | Place    | Note
--------------------------------------------------------------
     0 | D:1      | Northaan the Centaur Hunter began the quest for the Orb.
     0 | D:1      | Reached XP level 1. HP: 17/17 MP: 1/1
   155 | D:1      | Reached XP level 2. HP: 25/25 MP: 2/2
  1022 | D:2      | Reached XP level 3. HP: 28/31 MP: 3/3
  1461 | D:2      | Reached skill level 6 in Bows
  1628 | D:2      | Found an oddly glowing altar of Pakellas.
  1842 | D:3      | Reached XP level 4. HP: 33/39 MP: 4/4
  2244 | D:3      | Reached XP level 5. HP: 40/47 MP: 5/5
  2470 | D:4      | Noticed a phantom
  2783 | D:4      | Killed a phantom
  2783 | D:4      | Reached skill level 5 in Fighting
  2783 | D:4      | Reached skill level 7 in Bows
  2783 | D:4      | Reached XP level 6. HP: 24/56 MP: 6/6
  3817 | D:4      | Noticed Bubs's ghost (amateur MfSk)
  3821 | D:5      | Entered Level 5 of the Dungeon
  3920 | D:5      | Reached XP level 7. HP: 46/64 MP: 7/7
  4031 | D:5      | Noticed Duvessa
  4032 | D:5      | Noticed Dowan
  4042 | D:5      | Killed Duvessa
  4465 | D:5      | Reached skill level 8 in Bows
  4879 | D:5      | You fall through a shaft for 3 floors!
  4961 | D:7      | Found Ridejeit's Antique Weapon Shop.
  4984 | D:7      | Found a shattered altar of Ashenzari.
  5131 | D:6      | Reached skill level 1 in Long Blades
  5179 | D:6      | HP: 3/66 [something (3)]
  5179 | D:6      | Slain by a sky beast

Skill      XL: |  1  2  3  4  5  6  7 |
---------------+----------------------+-----
Fighting       | 3 4 5 6 7 |  7.3
Bows           | 6 7 8 |  8.4
Long Blades    | 1 |  1.0
Armour         | |  0.8
Dodging        | |  1.6
Stealth        | |  0.5

Action                   |  1- 3 |  4- 6 |  7- 9 || total
-------------------------+-------+-------+-------++-------
Melee: Short sword       |   119 |       |       ||   119
       Kick              |    24 |    35 |    20 ||    79
       Long sword        |    12 |   186 |    69 ||   267
 Fire: Shortbow          |     5 |    29 |    24 ||    58
  Use: Scroll            |       |       |     1 ||     1
  Eat: Chunk             |     2 |     5 |     3 ||    10
       Fruit             |       |     1 |       ||     1
Armor: Leather armour    |    37 |       |       ||    37
       Ring mail         |    13 |    60 |    49 ||   122
       Chain mail        |       |    36 |       ||    36
Dodge: Dodged            |    87 |   127 |    56 ||   270
